 Dungeon Crawl Stone Soup version 0.27-a0-1140-g099f9bb0e8 (webtiles) character file.

Game seed: 11742400792071898185

2 Zeld the Shield-Bearer (level 1, -1/16 HPs)
             Began as an Octopode Fighter on May 9, 2021.
             Frozen to death by an endoplasm (5 damage)
             ... on level 1 of the Dungeon.
             The game lasted 00:00:50 (57 turns).

Zeld the Shield-Bearer (Octopode Fighter)             Turns: 57, Time: 00:00:50

Health: -1/16      AC:  1    Str: 15    XL:     1   Next: 40%
Magic:  1/1        EV: 11    Int: 10    God:
Gold:   0          SH:  8    Dex: 11    Spells: 0/0 levels left

rFire    . . .     SeeInvis .   a - +0 war axe
rCold    . . .     Faith    .   b - +0 kite shield
rNeg     . . .     Spirit   .   (helmet restricted)
rPois    .         Reflect  .   (no amulet)
rElec    .         Harm     .   (no ring)
rCorr    .         Rampage  .   (no ring)
Will     .....                  (no ring)
Stlth    ++........             (no ring)
HPRegen  0.05/turn              (no ring)
MPRegen  0.07/turn              (no ring)
                                (no ring)
                                (no ring)

@: no status effects
A: almost no armour, amphibious, 8 rings, camouflage 1, gelatinous body 1,
(nimble swimmer 1), tentacles
a: no special abilities


You were on level 1 of the Dungeon.
You visited 1 branch of the dungeon, and saw 1 of its levels.

Inventory:

Hand Weapons
 a - a +0 war axe (weapon)
Armour
 b - a +0 kite shield (worn)
Potions
 c - a potion of might


   Skills:
 * Level 3.0 Fighting
 * Level 2.0 Axes
 - Level 3.0 Dodging
 * Level 3.0 Shields


You couldn't memorise any spells.
You didn't know any spells.
Your spell library was empty.

Dungeon Overview and Level Annotations

Branches:
Dungeon (1/15)

Altars:


Innate Abilities, Weirdness & Mutations

You cannot wear most types of armour.
You are amphibious.
You can wear up to eight rings at the same time.
Your skin changes colour to match your surroundings (Stealth+).
Your rubbery body absorbs attacks. (AC +1, EV +1)
((You are camouflaged near water. (Stealth+)))
You have tentacles for arms and can constrict up to eight enemies at once.


Message History

No target in view!
You see here a +0 short sword.
An endoplasm comes into view.
The endoplasm quivers.
An endoplasm is nearby!
An endoplasm is nearby!
A ball python and a quokka come into view.
The ball python hisses angrily.
The endoplasm freezes you.
You are frozen.
The ball python bites you but does no damage.
You block the ball python's attack. The endoplasm closely misses you.
Your shield prevents you from hitting the endoplasm.
You hit the ball python. The ball python closely misses you.
You block the ball python's attack. The ball python closely misses you. x2
You block the endoplasm's attack. The quokka bites you.
You closely miss the ball python. Your grab misses the ball python.
Your squeeze misses the ball python.
The ball python is heavily wounded.
You barely miss the quokka. You hit the endoplasm.
You block the ball python's attack. The ball python grabs you.
The ball python constricts you.
The endoplasm hits you but does no damage.
The quokka bites you. The ball python bites you.
* * * LOW HITPOINT WARNING * * *
The ball python constricts you. The endoplasm closely misses you.
You block the quokka's attack.
You are too injured to fight recklessly!
You are too injured to fight recklessly!
Unknown command.
You are too injured to fight recklessly!
You hit the endoplasm.
The endoplasm is heavily wounded.
You hit the quokka.
You kill the quokka!
You hit the ball python.
You kill the ball python!
The endoplasm freezes you.
You are frozen.
You die...

#.##..# #.##...#
#.##...# .#
#.##..... ...
#.)#......
#..######.#
.....
........#.#.....
#.............
...#.@.......#.#
#.J.......#
#.........#
#............
....##...##..##
≈.... #..## #..
≈###.. #..# #.
.#. #..


You could see an endoplasm.

Vanquished Creatures
  A giant cockroach (D:1)
  A quokka (D:1)
  2 ball pythons (D:1)
  A kobold (D:1)
5 creatures vanquished.

Notes
Turn   | Place    | Note
-------+----------+-------------------------------------------
     0 | D:1      | Zeld the Octopode Fighter began the quest for the Orb.
     0 | D:1      | Reached XP level 1. HP: 16/16 MP: 1/1
    57 | D:1      | Frozen to death by an endoplasm

Illustrated notes

Levels and vault maps discovered:
D:1:      dpeg_arrival_stonehenge_12_columns, layout_rooms,
          shapermc_ecumenical_altar_notcrosses, chequers_serial_rivers_small_b,
          fountainhead, palyth_stone_intersect, nrook_uturn,
          minmay_misc_feat_rows, minmay_statues_item, st_stairs_8, minivault_19

Action                   || total
-------------------------++-------
Melee: War axe           ||     8
       Tentacles         ||     1
 Stab: Sleeping          ||     1
Armor: Skin              ||     3
Dodge: Dodged            ||     7
Block: Kite shield       ||     6

Table legend: (Time is in decaauts)
 A = Elapsed time spent in this place.
 B = Non-inter-level travel time spent in this place.
 C = Inter-level travel time spent in this place.
 D = Time resting spent in this place.
 E = Time spent auto-exploring this place.
 F = Levels seen in this place.
 G = Mean time per level.
                   A        B        C        D        E       F      G
               +--------+--------+--------+--------+--------+-----+--------+
         Total |     61 |     61 |      0 |      0 |     23 |   1 |   61.0 |
       Dungeon |     61 |     61 |      0 |      0 |     23 |   1 |   61.0 |
               +--------+--------+--------+--------+--------+-----+--------+

Top non-repeatable levels by time:
     D:1: 61 daAuts
